 Dungeon Crawl Stone Soup version 0.29-a0-187-ga23d9638d5 (webtiles) character file.

Game seed: 6293533317443576408

102 ZeroWinrate the Magician (level 4, -3/41 HPs)
             Began as a Gnoll Wanderer on Feb 21, 2022.
             Slain by Sigmund (11 damage)
             ... on level 2 of the Dungeon.
             The game lasted 00:02:57 (1274 turns).

ZeroWinrate the Magician (Gnoll Wanderer)           Turns: 1274, Time: 00:02:58

Health: -3/41      AC:  2    Str:  9    XL:     4   Next: 77%
Magic:  11/11      EV: 11    Int: 17    God:
Gold:   71         SH:  4    Dex: 12    Spells: 17/17 levels left

rFire   . . .      SeeInvis +   n - staff of poison
rCold   . . .      Faith    .   b - +0 buckler
rNeg    . . .      Spirit   .   c - +0 robe
rPois   +          Reflect  .   (no helmet)
rElec   .          Harm     .   (no cloak)
rCorr   .          Rampage  .   (no gloves)
Will    .....                   (no boots)
Stlth   ++........              (no amulet)
HPRegen 0.13/turn               g - ring of see invisible
MPRegen 0.12/turn               (no ring)

@: no status effects
A: fangs 1, strong nose, distributed training, hooves 1, agile 1, low MP 1
a: no special abilities


You were on level 2 of the Dungeon.
You visited 1 branch of the dungeon, and saw 2 of its levels.

You collected 71 gold pieces.

Inventory:

Hand Weapons
 a - a +0 hand crossbow
Armour
 b - a +0 buckler (worn)
 c - a +0 robe (worn)
Magical Staves
 n - a staff of poison (weapon)
Jewellery
 g - a ring of see invisible (left hand)
Scrolls
 d - a scroll of amnesia {unknown}
 e - 3 scrolls of identify {unknown}
 j - a scroll of teleportation {unknown}
 k - a scroll of fear {unknown}


   Skills:
 + Level 6.6 Fighting
 + Level 1.2 Short Blades
 + Level 1.2 Long Blades
 + Level 1.2 Axes
 + Level 1.2 Maces & Flails
 + Level 1.2 Polearms
 + Level 1.2 Staves
 + Level 1.2 Slings
 + Level 1.2 Bows
 + Level 4.7 Crossbows
 + Level 1.2 Throwing
 + Level 1.2 Armour
 + Level 1.2 Dodging
 + Level 1.2 Stealth
 + Level 2.8 Shields
 + Level 1.2 Unarmed Combat
 + Level 7.2 Spellcasting
 + Level 1.0 Conjurations
 + Level 1.0 Hexes
 + Level 1.0 Summonings
 + Level 1.0 Necromancy
 + Level 1.0 Translocations
 + Level 1.0 Transmutations
 + Level 1.0 Fire Magic
 + Level 1.0 Ice Magic
 + Level 1.0 Air Magic
 + Level 1.0 Earth Magic
 + Level 1.0 Poison Magic
 + Level 1.3 Invocations
 + Level 1.2 Evocations


You had 17 spell levels left.
You didn't know any spells.
Your spell library contained the following spells:

 Spells                   Type           Power      Damage    Failure   Level
 Animate Skeleton         Necr           18%        N/A       10%         1
 Beastly Appendage        Tmut           18%        N/A       10%         1
 Magic Dart               Conj           36%        1d4       10%         1
 Sting                    Tmut/Pois      56%        1d5       10%         1


Dungeon Overview and Level Annotations

Branches:
Dungeon (2/15)

Altars:

Annotations:
D:1 1 runed translucent door
D:2 Sigmund


Innate Abilities, Weirdness & Mutations

You have very sharp teeth.
Your uncanny sense of smell can sniff out nearby items.
Your experience applies equally to all skills.
You have large cloven feet.
You are agile. (Dex +2)
Your magical capacity is low. (-10% MP)


Message History

Sigmund barely misses you.
It was a potion of magic.
Magic courses through your body. Sigmund hits you but does no damage.
It was a potion of mutation.
You feel extremely strange.
You feel yourself wasting away. A pair of horns grows on your head!
Sigmund hits you but does no damage.
Sigmund is nearby!
Sigmund hits you but does no damage.
You feel less confused. You block Sigmund's attack.
Sigmund hits you from afar with a +3 scythe!
Unknown command.
Sigmund hits you but does no damage. Sigmund barely misses you.
n - a staff of poison (weapon)
Sigmund hits you from afar with a +3 scythe.
You aren't carrying any items that you can evoke.
Sigmund hits you from afar with a +3 scythe.
Sigmund hits you but does no damage.
Sigmund is nearby!
Your transformation is almost over.
Sigmund gestures at you while chanting.
You are confused.
Sigmund hits you but does no damage.
Really quaff the potion of mutation?
You feel extremely strange.
You feel healthier. The horns on your head shrink away.
You feel less energetic.
Your feet thicken and deform.
You feel agile.
Sigmund hits you from afar with a +3 scythe.
It was a potion of cancellation.
Your magical effects are unravelling.
You feel magically purged.
You feel less wooden.
Your +0 robe unmelds from your body.
You feel yourself slow down.
You feel less confused.
You feel a little less mighty now.
You feel a little less clever now.
Sigmund hits you from afar with a +3 scythe!
* * * LOW HITPOINT WARNING * * *
Sigmund hits you from afar with a +3 scythe!
You die...

.#.# .#...# #
#.#.#.# ≈#
.).#...# #≈#
.#.#.#.#.# #.≈#
...#...#...#..≈#
.#.#.#.#.#.#@#.≈#
..#...#...#...#
.#.#.#.#.#@#.#≈≈#
#...#...#...#≈≈##
≈#.#.#.#.#.#≈≈##
≈≈#...#...#≈≈##
#≈≈#.#.#.#≈≈##
#≈≈#...#≈≈##
#≈≈...≈≈## ).
.^###'''### .#
>.........# .#


You could see Sigmund (fast, invisible).

Vanquished Creatures
  Jessica (D:2)
  2 orc wizards (D:2)
  A dart slug (D:1)
  3 orcs (D:2)
  5 endoplasms
  2 hobgoblins (D:1)
  3 kobolds (D:1)
  A quokka (D:1)
  3 ball pythons
  A bat (D:2)
  3 rats
25 creatures vanquished.

Notes
Turn   | Place    | Note
-------+----------+-------------------------------------------
     0 | D:1      | ZeroWinrate the Gnoll Wanderer began the quest for the Orb.
     0 | D:1      | ZeroWinrate set off with the following items: a +0 hand
                  | crossbow, a +0 buckler, a +0 robe; and the following spells
                  | available to memorise: Animate Skeleton, Beastly Appendage,
                  | Magic Dart, Sting
     0 | D:1      | Reached XP level 1. HP: 23/23 MP: 8/8
     1 | D:1      | Found a runed translucent door.
     2 | D:1      | Noticed a jelly
   196 | D:1      | Found a faded altar of an unknown god.
   316 | D:1      | Reached XP level 2. HP: 29/29 MP: 10/10
   935 | D:2      | Noticed Jessica
   937 | D:2      | Killed Jessica
   938 | D:2      | Reached skill level 1 in Invocations
   938 | D:2      | Reached XP level 3. HP: 24/35 MP: 11/11
   941 | D:2      | Reached skill level 1 in Short Blades
   941 | D:2      | Reached skill level 1 in Long Blades
   941 | D:2      | Reached skill level 1 in Axes
   941 | D:2      | Reached skill level 1 in Maces & Flails
   941 | D:2      | Reached skill level 1 in Polearms
   941 | D:2      | Reached skill level 1 in Staves
   941 | D:2      | Reached skill level 1 in Slings
   941 | D:2      | Reached skill level 1 in Bows
   941 | D:2      | Reached skill level 1 in Throwing
   941 | D:2      | Reached skill level 1 in Armour
   941 | D:2      | Reached skill level 1 in Dodging
   941 | D:2      | Reached skill level 1 in Stealth
   941 | D:2      | Reached skill level 1 in Unarmed Combat
   941 | D:2      | Reached skill level 1 in Evocations
   941 | D:2      | Reached XP level 4. HP: 29/41 MP: 13/13
   963 | D:2      | Reached skill level 1 in Conjurations
   963 | D:2      | Reached skill level 1 in Hexes
   963 | D:2      | Reached skill level 1 in Summonings
   963 | D:2      | Reached skill level 1 in Necromancy
   963 | D:2      | Reached skill level 1 in Translocations
   963 | D:2      | Reached skill level 1 in Transmutations
   963 | D:2      | Reached skill level 1 in Fire Magic
   963 | D:2      | Reached skill level 1 in Ice Magic
   963 | D:2      | Reached skill level 1 in Air Magic
   963 | D:2      | Reached skill level 1 in Earth Magic
   963 | D:2      | Reached skill level 1 in Poison Magic
  1237 | D:2      | Noticed Sigmund
  1253 | D:2      | Gained mutation: Your body sometimes deteriorates upon
                  | taking damage. [potion of mutation]
  1253 | D:2      | Gained mutation: You have a pair of small horns on your
                  | head. [potion of mutation]
  1270 | D:2      | Lost mutation: Your body sometimes deteriorates upon taking
                  | damage. [potion of mutation]
  1270 | D:2      | Lost mutation: You have a pair of small horns on your head.
                  | [potion of mutation]
  1270 | D:2      | Gained mutation: Your magical capacity is low. (-10% MP)
                  | [potion of mutation]
  1270 | D:2      | Gained mutation: You have large cloven feet. [potion of
                  | mutation]
  1270 | D:2      | Gained mutation: You are agile. (Dex +2) [potion of
                  | mutation]
  1274 | D:2      | Slain by Sigmund

Illustrated notes

Levels and vault maps discovered:
D:1:      dpeg_arrival_caged_fury, layout_basic,
          hellmonk_ecumenical_altar_leap_of_faith
D:2:      layout_basic, kennysheep_cluttered_room, uniq_jessica, uniq_sigmund,
          uniq_crazy_yiuf_cottage

Skill      XL: |  1  2  3  4 |
---------------+-------------+-----
Invocations    | 1 |  1.3
Short Blades   | 1 |  1.2
Long Blades    | 1 |  1.2
Axes           | 1 |  1.2
Maces & Flails | 1 |  1.2
Polearms       | 1 |  1.2
Staves         | 1 |  1.2
Slings         | 1 |  1.2
Bows           | 1 |  1.2
Throwing       | 1 |  1.2
Armour         | 1 |  1.2
Dodging        | 1 |  1.2
Stealth        | 1 |  1.2
Unarmed Combat | 1 |  1.2
Evocations     | 1 |  1.2
Conjurations   | 1 |  1.0
Hexes          | 1 |  1.0
Summonings     | 1 |  1.0
Necromancy     | 1 |  1.0
Translocations | 1 |  1.0
Transmutations | 1 |  1.0
Fire Magic     | 1 |  1.0
Ice Magic      | 1 |  1.0
Air Magic      | 1 |  1.0
Earth Magic    | 1 |  1.0
Poison Magic   | 1 |  1.0
Fighting       | |  6.6
Crossbows      | |  4.7
Shields        | |  2.8
Spellcasting   | |  7.2

Action                   |  1- 3 |  4- 6 || total
-------------------------+-------+-------++-------
Melee: Staff             |    10 |       ||    10
       Bite              |     2 |       ||     2
 Fire: Hand crossbow     |    42 |    24 ||    66
  Use: Potion            |       |    10 ||    10
Armor: Robe              |     8 |       ||     8
       Skin              |       |     7 ||     7
Dodge: Dodged            |    19 |    14 ||    33
Block: Buckler           |     6 |     3 ||     9

Table legend: (Time is in decaauts)
 A = Elapsed time spent in this place.
 B = Non-inter-level travel time spent in this place.
 C = Inter-level travel time spent in this place.
 D = Time resting spent in this place.
 E = Time spent auto-exploring this place.
 F = Levels seen in this place.
 G = Mean time per level.
                   A        B        C        D        E       F      G
               +--------+--------+--------+--------+--------+-----+--------+
         Total |   1287 |   1249 |     38 |    146 |    897 |   2 |  643.5 |
       Dungeon |   1287 |   1249 |     38 |    146 |    897 |   2 |  643.5 |
               +--------+--------+--------+--------+--------+-----+--------+

Top non-repeatable levels by time:
     D:1: 872 daAuts
     D:2: 414 daAuts
